 Dungeon Crawl Stone Soup version 0.29-a0-392-g297d3b089c (webtiles) character file.

Game seed: 13470115389169946347

71 jimonade the Magician (level 4, 0/33 HPs)
             Began as a Djinni Hedge Wizard on May 8, 2022.
             Slain by an orc
             ... wielding a +0 flail
              (5 damage)
             ... on level 3 of the Dungeon.
             The game lasted 00:07:39 (3300 turns).

jimonade the Magician (Djinni Hedge Wizard)         Turns: 3300, Time: 00:07:40

Health: 0/33       AC:  4    Str: 11    XL:     4   Next: 47%
Gold:   66         EV: 11    Int: 16    God:
                   SH:  0    Dex: 12

rFire   + + .      SeeInvis .   a - +0 dagger
rCold   x . .      Faith    .   (no shield)
rNeg    . . .      Spirit   .   i - +0 leather armour
rPois   ∞          Reflect  .   c - +0 hat
rElec   .          Harm     .   (no cloak)
rCorr   .          Rampage  .   m - +0 pair of gloves
Will    +....                   (boots unavailable)
Stlth   +.........              (no amulet)
HPRegen 0.11/turn               o - ring of willpower
MPRegen 0.00/turn               (no ring)

@: flying
A: sickness immunity, fire resistance 2, cold vulnerability 1, float, innate
caster, HP casting, extra vitality 1
a: no special abilities


You were on level 3 of the Dungeon.
You visited 1 branch of the dungeon, and saw 3 of its levels.

You collected 66 gold pieces.

Inventory:

Hand Weapons
 a - a +0 dagger (weapon)
Missiles
 g - 46 stones
 r - 6 curare-tipped darts
Armour
 b - a +0 robe
 c - a +0 hat (worn)
 h - a +0 ring mail
 i - a +0 leather armour (worn)
 m - a +0 pair of gloves (worn)
 w - an orb of mayhem
Jewellery
 o - a ring of willpower (left hand)
Scrolls
 f - 5 scrolls of identify
 l - 3 scrolls of magic mapping {unknown}
 n - a scroll of poison {unknown}
 q - 2 scrolls of blinking {unknown}
 s - a scroll of brand weapon {unknown}
 u - 2 scrolls of teleportation {unknown}
Potions
 d - a potion of might
 e - a potion of ambrosia {unknown}
 j - a potion of haste {unknown}
 k - 2 potions of curing {unknown}
 p - a potion of lignification {unknown}
 v - a potion of cancellation {unknown}


   Skills:
 * Level 1.7 Fighting
 + Level 0.6 Armour
 - Level 2.1 Dodging
 - Level 1.5 Stealth
 + Level 3.4 Spellcasting


You couldn't memorise any spells.
You knew the following spells:

 Your Spells              Type           Power      Damage    Failure   Level
a - Magic Dart            Conj           52%        1d5       6%          1
b - Blink                 Tloc           26%        N/A       9%          2
c - Call Imp              Summ           13%        N/A       9%          2
d - Slow                  Hex            52%        N/A       6%          1
e - Conjure Flame         Conj/Fire      13%        6-21      17%         3
f - Mephitic Cloud        Conj/Pois/Air  13%        N/A       17%         3
g - Beastly Appendage     Tmut           26%        N/A       6%          1
Your spell library was empty.

Dungeon Overview and Level Annotations

Branches:
Dungeon (3/15)

Altars:
Sif Muna

Shops:
D:3 ?


Innate Abilities, Weirdness & Mutations

You are immune to sickness and miasma.
You are immune to poison.
Your flesh is very heat resistant. (rF++)
You are vulnerable to cold. (rC-)
You float through the air rather than walking.
You learn spells naturally, not from books.
Your magical power is your life essence.
You have superior vitality. (+4 MHP)


Message History

Confirm with . or Enter, or press ? or * to list all spells.
Okay, then.
Unknown command.
The magic dart hits something but does no damage.
An adder comes into view.
The magic dart hits something but does no damage.
The adder hisses angrily.
The magic dart hits something but does no damage.
You hear some strange, mumbled words.
A puff of flame appears from out of thin air!
The puff of flame hits you. You resist.
The magic dart hits something.
Something hits you.
The magic dart hits something but does no damage.
Something hits you.
The magic dart hits something.
Something hits you but does no damage.
You miscast Magic Dart.
You are very lightly contaminated with residual magic.
Nothing appears to happen.
Something hits you but does no damage.
The magic dart hits something.
Reactivating autopickup.
You feel a bit more experienced.
You have reached level 4!
You feel clever.
Aiming: Magic Dart (safe; 6% risk of failure)
Press: ? - help, Q - select action, (/) - cycle Shift-Dir - straight line, f/p - orc
Aim: an orc, wielding a +0 flail (100% to hit)
The magic dart hits the orc.
The orc is heavily wounded.
The orc barely misses you.
Your magical contamination has completely faded away.
There is an open door here.
There is an open door here.
The orc attacks as you move away! The orc hits you with a +0 flail.
The orc attacks as you move away! The orc hits you with a +0 flail!
* * * LOW HITPOINT WARNING * * *
As you read the scroll labelled QILUSTU JITIHI, it crumbles to dust.
It is a scroll of identify.
d - a potion of might The orc hits you with a +0 flail.
You die...

#)# #.##.# #.#
#....# #.# #.####
#S## #.# #..# #.#
###'#####.###
#.'∩'..S#...#
#.#+###o#.########
#....##@#........#
##...##....#####.#
#########.# #.#
#.. ####


You could see an adder and an orc.

Vanquished Creatures
  An orc wizard (D:3)
  An adder (D:2)
  A worm (D:3)
  A dart slug (D:1)
  4 bats (D:1)
  4 endoplasms
  A giant cockroach (D:1)
  2 hobgoblins (D:2)
  2 jackals (D:1)
  2 quokkas
  6 ball pythons
  A goblin (D:3)
  3 kobolds (D:1)
  A rat (D:1)
30 creatures vanquished.

Vanquished Creatures (collateral kills)
  An orc (D:3)
1 creature vanquished.

Grand Total: 31 creatures vanquished

Notes
Turn   | Place    | Note
-------+----------+-------------------------------------------
     0 | D:1      | jimonade the Djinni Hedge Wizard began the quest for the
                  | Orb.
     0 | D:1      | Reached XP level 1. HP: 15/15 MP: 0/0
     0 | D:1      | Upgraded the game from 0.29-a0-384-g6960b1960d to
                  | 0.29-a0-392-g297d3b089c
   550 | D:1      | Reached XP level 2. HP: 11/22 MP: 0/0
  1126 | D:1      | Found a faded altar of an unknown god.
  1870 | D:2      | Reached skill level 3 in Spellcasting
  1925 | D:2      | Reached skill level 1 in Fighting
  1925 | D:2      | Reached XP level 3. HP: 24/27 MP: 0/0
  1925 | D:2      | Learned a level 1 spell: Beastly Appendage
  3117 | D:3      | Found Soenaleff's Magic Scroll Shoppe.
  3290 | D:3      | Reached XP level 4. HP: 17/33 MP: 0/0
  3300 | D:3      | Slain by an orc

Illustrated notes

Levels and vault maps discovered:
D:1:      ebering_trefoil_3fold, layout_loops_corners,
          dilly_ecumenical_altar_fadedgnrine
D:2:      layout_loops_ring, basic_altar, kennysheep_boxes
D:3:      layout_basic, serial_shops, nicolae_lakefront_shop,
          nicolae_shop_behind_doors, nicolae_concentric_dashed_squares_wild,
          dreamdust_wishing_well

Skill      XL: |  1  2 |
---------------+-------+-----
Spellcasting   | 3 |  3.4
Fighting       | 1 |  1.7
Armour         | |  0.6
Dodging        | |  2.1
Stealth        | |  1.5

Action                   |  1- 3 |  4- 6 || total
-------------------------+-------+-------++-------
Melee: Dagger            |     4 |       ||     4
       Punch             |     1 |       ||     1
 Cast: Magic Dart        |    96 |     1 ||    97
       Call Imp          |     1 |       ||     1
  Use: Scroll            |       |     1 ||     1
Armor: Robe              |     4 |       ||     4
       Leather armour    |     5 |       ||     5
Dodge: Dodged            |    23 |     1 ||    24

Table legend: (Time is in decaauts)
 A = Elapsed time spent in this place.
 B = Non-inter-level travel time spent in this place.
 C = Inter-level travel time spent in this place.
 D = Time resting spent in this place.
 E = Time spent auto-exploring this place.
 F = Levels seen in this place.
 G = Mean time per level.
                   A        B        C        D        E       F      G
               +--------+--------+--------+--------+--------+-----+--------+
         Total |   3299 |   3266 |     33 |    788 |   1988 |   3 | 1099.7 |
       Dungeon |   3299 |   3266 |     33 |    788 |   1988 |   3 | 1099.7 |
               +--------+--------+--------+--------+--------+-----+--------+

Top non-repeatable levels by time:
     D:1: 1856 daAuts
     D:2: 846 daAuts
     D:3: 595 daAuts
